 Dungeon Crawl Stone Soup version 0.20-a0-893-g832831a (webtiles) character file.

67 4thArraOfDagon the Cudgeler (level 4, -1/35 HPs)
             Began as a Mummy Chaos Knight on Mar 17, 2017.
             Slain by an adder (2 damage)
             ... on level 3 of the Dungeon.
             The game lasted 00:01:19 (522 turns).

4thArraOfDagon the Cudgeler (Mummy Chaos Knight)     Turns: 522, Time: 00:01:20

Health: -1/35      AC:  6    Str: 15    XL:     4   Next: 0%
Magic:  4/4        EV: 11    Int: 17    God:    Xom [..*...]
Gold:   7          SH:  0    Dex: 11    Spells: 3/3 levels left

rFire    x . .     SeeInvis .   a - +0 mace (chaos)
rCold    + . .     Gourm    .   b - +2 leather armour
rNeg     + + +     Faith    .   (no shield)
rPois    ∞         Spirit   .   (no helmet)
rElec    .         Reflect  .   (no cloak)
rCorr    .         Harm     .   (no gloves)
MR       .....                  e - +0 pair of boots
Stlth    +.........             (no amulet)
Regen    0.2/turn               (no ring)
MPRegen  0.1/turn               (no ring)

@: brilliant
A: no food or potions, fire vulnerability, cold resistance 1, negative energy
resistance 3, torment resistance, unbreathing
a: Renounce Religion


You were on level 3 of the Dungeon.
You worshipped Xom.
You were a toy of Xom.
You were not hungry.

You visited 1 branch of the dungeon, and saw 3 of its levels.

You collected 7 gold pieces.

Inventory:

Hand Weapons
 a - a +0 mace of chaos (weapon)
Armour
 b - a +2 leather armour (worn)
 e - a +0 pair of boots (worn)
Scrolls
 c - a scroll of immolation {unknown}
 d - a scroll of fog {unknown}
 f - a scroll of amnesia {unknown}
 g - a scroll of remove curse {unknown}
 h - a scroll of magic mapping {unknown}


   Skills:
 - Level 3.0 Fighting
 * Level 3.3 Maces & Flails
 + Level 2.2 Armour
 + Level 1.6 Dodging


You had 3 spell levels left.
You didn't know any spells.

Dungeon Overview and Level Annotations

Branches:
Dungeon (3/15)

Altars:


Innate Abilities, Weirdness & Mutations

You do not eat or drink.
Your flesh is vulnerable to fire.
You are immune to poison.
Your flesh is cold resistant. (rC+)
You are immune to negative energy. (rN+++)
You are immune to unholy pain and torment.
You can survive without breathing.


Message History

The adder barely misses you.
You closely miss the adder. The adder closely misses you.
You hit the adder.
The adder seems to speed up.
The adder is lightly wounded.
The adder barely misses you. The adder bites you.
* * * LOW HITPOINT WARNING * * *
You closely miss the adder.
The adder is lightly wounded.
The adder bites you.
* * * LOW HITPOINT WARNING * * *
The adder bites you but does no damage. The adder barely misses you.
You closely miss the adder.
The adder is lightly wounded.
The adder bites you.
* * * LOW HITPOINT WARNING * * *
The adder bites you but does no damage.
You closely miss the adder.
The adder is lightly wounded.
The adder bites you.
You die...

##.##......
#.#...#### .#
#...###..## ..#
#..##......##..#
#......# ....#
#.....## .....#
#.....## #....#
#......##S....#
#..##...@..#
......###..###
#.#... ####
#.##. #


You could see an adder.

Vanquished Creatures
  An orc wizard (D:3)
  2 adders
  A worm (D:2)
  2 orcs (D:3)
  2 giant cockroaches (D:2)
  A hobgoblin (D:2)
  A kobold (D:1)
  A quokka (D:2)
  A bat (D:2)
  A frilled lizard (D:1)
  3 goblins
  A rat (D:2)
17 creatures vanquished.

Notes
Turn   | Place    | Note
-------+----------+-------------------------------------------
     0 | D:1      | 4thArraOfDagon the Mummy Chaos Knight began the quest for the Orb.
     0 | D:1      | Reached XP level 1. HP: 18/18 MP: 1/1
    47 | D:1      | Reached skill level 1 in Dodging
   106 | D:2      | XOM: divination: magic mapping
   109 | D:2      | Reached XP level 2. HP: 5/24 MP: 2/2
   177 | D:2      | XOM: harmless Tmut miscast
   460 | D:3      | XOM: potion effect (brilliance)
   470 | D:3      | Reached XP level 3. HP: 25/29 MP: 3/3
   495 | D:3      | Reached XP level 4. HP: 8/35 MP: 4/4
   521 | D:3      | HP: 1/35 [adder (3)]
   522 | D:3      | Slain by an adder

Vault maps used:
D:1:      kennysheep_arrival_forest, hangedman_abyss_or_decor_lesser_grid
D:2:      guppyfry_early_orc_mine
D:3:      nicolae_overflow_quartered_altars, minmay_misc_feat_iff

Skill      XL: |  1  2 |
---------------+-------+-----
Dodging        | 1 |  1.6
Armour         | 2 |  2.2
Maces & Flails | 3 |  3.3
Fighting       | |  3.0

Action                   |  1- 3 |  4- 6 || total
-------------------------+-------+-------++-------
Melee: Mace              |    53 |     8 ||    61
Armor: Leather armour    |    18 |     3 ||    21
Dodge: Dodged            |    24 |     5 ||    29
